 Dungeon Crawl Stone Soup version 0.28.0-43-g3370ac3207 (webtiles) character file.

Game seed: 3138053601234254123

13418 smarlow the Nimble (level 12, -27/84 HPs)
             Began as a Djinni Fire Elementalist on Mar 1, 2022.
             Was a Believer of Makhleb.
             Killed from afar by a frost giant (48 damage)
             ... with a bolt of cold
             ... on level 10 of the Dungeon on Mar 2, 2022.
             The game lasted 00:38:46 (15676 turns).

smarlow the Nimble (Djinni Fire Elementalist)      Turns: 15676, Time: 00:38:48

Health: -27/84     AC: 15    Str:  4    XL:     12   Next: 32%
Gold:   1418       EV: 18    Int: 19    God:    Makhleb [**....] SH:  0 Dex: 21

rFire   + + .      SeeInvis .   J - +5 whip of the Twisting Queen {venom, Str-3 Dex+7}
rCold   x . .      Faith    .   (no shield)
rNeg    . . .      Spirit   .   a - +0 robe
rPois   ∞          Reflect  .   y - +2 hat
rElec   .          Harm     .   C - +1 cloak
rCorr   .          Rampage  .   M - +3 Mad Mage's Maulers {Infuse+∞ RegenMP Int-3}
Will    +....                   (boots unavailable)
Stlth   ++++......              (no amulet)
HPRegen 0.24/turn               i - ring of wizardry
MPRegen 0.00/turn               f - +4 ring of protection

@: flying
A: sickness immunity, fire resistance 2, cold vulnerability 1, float, innate
caster, HP casting, extra vitality 1
a: Renounce Religion, Minor Destruction


You were on level 10 of the Dungeon.
You worshipped Makhleb.
Makhleb was pleased with you.
You visited 1 branch of the dungeon, and saw 11 of its levels.

You collected 1418 gold pieces.

Inventory:

Hand Weapons
 H - the +5 flail "Wytyr" {spect, Will- rCorr Str+8 Dex-2}
   (You found it on level 7 of the Dungeon)

   When its wielder attacks, the weapon's spirit leaps out and strikes again.
   The spirit shares a part of any damage it takes with its wielder.
   Str:       It affects your strength (+8).
   Dex:       It affects your dexterity (-2).
   rCorr:     It protects you from acid and corrosion.
   Will:      It decreases your willpower.
 J - the +5 whip of the Twisting Queen (weapon) {venom, Str-3 Dex+7}
   (You found it on level 7 of the Dungeon)

   It poisons the flesh of those it strikes.
   Str:       It affects your strength (-3).
   Dex:       It affects your dexterity (+7).
Missiles
 w - 3 throwing nets
Armour
 a - a +0 robe (worn)
 y - a +2 hat (worn)
 C - a +1 cloak (worn)
 K - the +9 scales of the Dragon King {rPois rF+ rC+ Will+}
   (You found it on level 7 of the Dungeon)

   rF:        It protects you from fire.
   rC:        It protects you from cold.
   rPois:     It protects you from poison.
   Will:      It increases your willpower.
 M - the +3 Mad Mage's Maulers (worn) {Infuse+∞ RegenMP Int-3}
   (You found it on level 7 of the Dungeon)

   It empowers its wearer's blows with all of their magic.
   It causes its wearer's magical reserves to regenerate more quickly.
   Int:       It affects your intelligence (-3).
 R - a +0 helmet
Magical Staves
 j - a staff of conjuration
Jewellery
 f - a +4 ring of protection (right hand)
 i - a ring of wizardry (left hand)
 E - a ring of ice
 Q - a +6 ring of strength
Wands
 l - a wand of acid (5)
 x - a wand of charming (5)
 B - a wand of polymorph (13)
 I - a wand of digging (4)
 L - a wand of flame (12)
 O - a wand of paralysis (8)
 T - a wand of iceblast (7)
Scrolls
 d - 5 scrolls of immolation
 s - 2 scrolls of vulnerability
 u - 5 scrolls of enchant weapon
 A - a scroll of summoning
 F - a scroll of enchant armour
 N - 2 scrolls of magic mapping
 P - a scroll of noise {unknown}
 S - a scroll of fog {unknown}
 U - a scroll of amnesia {unknown}
Potions
 b - a potion of cancellation {unknown}
 h - a potion of magic {unknown}
 k - 6 potions of attraction
 m - 5 potions of lignification {unknown}
 n - 2 potions of might
 o - 2 potions of berserk rage {unknown}
 q - a potion of mutation {unknown}
 r - 3 potions of haste {unknown}
 t - 3 potions of brilliance {unknown}
 v - a potion of flight {unknown}
 z - a potion of resistance {unknown}
 D - 2 potions of invisibility {unknown}


   Skills:
 + Level 6.6 Fighting
 + Level 3.7(5.1) Maces & Flails
 + Level 5.8(6.5) Staves
 + Level 3.6 Throwing
 * Level 6.5 Armour
 + Level 8.0 Dodging
 + Level 6.5 Stealth
 * Level 7.0 Spellcasting
 + Level 4.4 Evocations


You couldn't memorise any spells.
You knew the following spells:

 Your Spells              Type           Power      Damage    Failure   Level
a - Foxfire               Conj/Fire      100%       2x1d9     1%          1
b - Scorch                Fire           66%        2d8       1%          2
c - Conjure Flame         Conj/Fire      33%        6-21      1%          3
d - Inner Flame           Hex/Fire       33%        N/A       1%          3
e - Flame Wave            Conj/Fire      33%        2d8       2%          4
f - Pain                  Necr           100%       1d9       1%          1
g - Call Imp              Summ           33%        N/A       1%          2
h - Call Canine Familiar  Summ           33%        N/A       1%          3
i - Stone Arrow           Conj/Erth      66%        3d11      1%          3
j - Dispel Undead         Necr           33%        3d14      2%          4
Your spell library was empty.

Dungeon Overview and Level Annotations

Branches:
Dungeon (11/15)            Temple (0/1) D:7
   Lair: D:8-11         Orc: D:9-12

Altars:
Dithmenos
Makhleb
Qazlal
Sif Muna
Trog
Yredelemnul

Annotations:
D:11 Josephine, Nergalle


Innate Abilities, Weirdness & Mutations

You are immune to sickness and miasma.
You are immune to poison.
Your flesh is very heat resistant. (rF++)
You are vulnerable to cold. (rC-)
You float through the air rather than walking.
You learn spells naturally, not from books.
Your magical power is your life essence.
You have superior vitality. (+4 MHP)


Message History

The frost giant gestures at you while chanting.
The bolt of cold misses you.
There is an open door, spattered with blood here.
You see here +0 steam dragon scales.
The centaur warrior shoots an arrow.
The arrow hits you!
The centaur warrior shoots an arrow.
The arrow hits you.
The centaur warrior shoots an arrow.
The arrow completely misses you.
The centaur warrior shoots an arrow.
The arrow barely misses you.
Aiming: Stone Arrow (safe; 1% risk of failure)
Press: ? - help, Q - select action, (/) - cycle Shift-Dir - straight line, f - centaur warrior
Aim: a centaur warrior, wielding a +0 longbow and quivering arrows (moderately wounded, 81% to hit)
The stone arrow hits the centaur warrior!
The centaur warrior is heavily wounded.
The centaur warrior shoots an arrow.
The arrow misses you.
Aiming: Stone Arrow (safe; 1% risk of failure)
Press: ? - help, Q - select action, (/) - cycle Shift-Dir - straight line, f/p - centaur warrior
Aim: a centaur warrior, wielding a +0 longbow and quivering arrows (heavily wounded, 81% to hit)
The stone arrow hits the centaur warrior!
The centaur warrior is severely wounded.
The centaur warrior shoots an arrow.
The arrow closely misses you.
The centaur warrior shoots an arrow.
The arrow hits you!
* * * LOW HITPOINT WARNING * * *
Aiming: Stone Arrow (safe; 1% risk of failure)
Press: ? - help, Q - select action, (/) - cycle Shift-Dir - straight line, f/p - centaur warrior
Aim: a centaur warrior, wielding a +0 longbow and quivering arrows (severely wounded, 81% to hit)
The stone arrow hits the centaur warrior!
The centaur warrior is almost dead.
* * * LOW HITPOINT WARNING * * *
Aiming: Stone Arrow (safe; 1% risk of failure)
Press: ? - help, Q - select action, (/) - cycle Shift-Dir - straight line, f/p - centaur warrior
Aim: a centaur warrior, wielding a +0 longbow and quivering arrows (almost dead, 81% to hit)
The stone arrow hits the centaur warrior!
You kill the centaur warrior!
Makhleb accepts your kill.
You feel better.
* * * LOW HITPOINT WARNING * * *
The frost giant points at you and mumbles some strange words.
The bolt of cold hits you!!!
You feel a terrible chill!
Ouch! That really hurt!
You die...

###########.......
####...#.......
######..[c♣.#....... ....
#..zZc..#.♣.#....... .....
+..######.♣.#....... ......... #
#.C......#....... ........#####
#)#########...... ........#.♣.♣
♣♣.♣ ♣♣.♣♣#...... ........#..♣♣
#♣@♣♣ #♣.≈.♣#......
........#...♣♣#.♣♣♣♣#.≈≈≈.#......
........#.♣..♣#♣....#.≈≈≈.#..[...
<.......#.....#.....#.≈≈≈.#......
........#.....#.....#.≈≈≈.#......
.#......#..♣........♣♣≈≈≈♣#......
.#................(.(.≈≈≈........
##......#.♣♣♣.....(..♣≈≈≈♣#...)..
#...##..#..♣♣.#.....#.≈≈≈.#([.)..


You could see a frost giant.

Vanquished Creatures
  Harold (D:10)
  A boulder beetle (D:10)
  A centaur warrior (D:10)
  3 two-headed ogres
  2 cyclopes
  Joseph (D:8)
  5 centaur zombies
  2 komodo dragons (D:11)
  An unseen horror (D:10)
  A kobold demonologist (D:9)
  A hornet (D:10)
  Grinder (D:3)
  Sigmund (D:3)
  4 shadows
  A wraith (D:9)
  3 wyverns
  2 yaks (D:10)
  A vampire mosquito (D:8)
  2 steam dragons (D:10)
  An acid dragon (D:10)
  2 water moccasins (D:5)
  Duvessa (D:7)
  4 orc warriors
  2 ice beasts
  A necrophage (D:5)
  2 ogres (D:7)
  A hornet zombie (D:7)
  9 centaurs
  8 kobold brigands
  4 scorpions
  3 bullfrogs
  A wyvern skeleton (D:6)
  Dowan (D:7)
  12 killer bees
  3 howler monkeys
  A bullfrog zombie (D:5)
  2 jellies
  3 hounds
  3 orc priests
  4 centaur skeletons
  2 bullfrog skeletons
  4 iguanas
  4 orc wizards
  A howler monkey zombie (D:9)
  Robin (D:3)
  A gnoll (D:1)
  A howler monkey skeleton (D:6)
  9 adders
  A shadow imp (D:7)
  A white imp (D:7)
  A worm (D:2)
  A dart slug (D:1)
  17 orcs
  4 ball pythons
  6 endoplasms
  A giant cockroach (D:2)
  19 goblins
  8 hobgoblins
  2 quokkas
  6 bats
  7 frilled lizards
  35 kobolds
  7 rats
241 creatures vanquished.

Vanquished Creatures (collateral kills)
  A foxfire (D:1)
1 creature vanquished.

Vanquished Creatures (others)
  440 foxfires
  62 plants
502 creatures vanquished.

Grand Total: 744 creatures vanquished

Notes
Turn   | Place    | Note
-------+----------+-------------------------------------------
     0 | D:1      | smarlow the Djinni Fire Elementalist began the quest for
                  | the Orb.
     0 | D:1      | Reached XP level 1. HP: 15/15 MP: 0/0
   273 | D:1      | Reached XP level 2. HP: 17/21 MP: 0/0
   614 | D:1      | Reached XP level 3. HP: 23/25 MP: 0/0
   614 | D:1      | Learned a level 1 spell: Pain
   999 | D:1      | Found a faded altar of an unknown god.
  1366 | D:2      | Reached skill level 3 in Dodging
  1434 | D:2      | Reached XP level 4. HP: 21/31 MP: 0/0
  1692 | D:2      | Reached skill level 1 in Fighting
  2526 | D:3      | Noticed Sigmund
  2566 | D:4      | Noticed a scorpion
  2569 | D:4      | Killed a scorpion
  2570 | D:4      | Reached XP level 5. HP: 31/37 MP: 0/0
  2570 | D:4      | Learned a level 2 spell: Call Imp
  2662 | D:4      | Identified the +2 mace of Regicide {flame, rN++}
  2883 | D:4      | Reached skill level 1 in Staves
  2883 | D:4      | Reached XP level 6. HP: 37/43 MP: 0/0
  3379 | D:5      | Entered Level 5 of the Dungeon
  3486 | D:5      | Noticed a necrophage
  3500 | D:5      | Killed a necrophage
  3501 | D:5      | Reached skill level 4 in Dodging
  3501 | D:5      | Reached XP level 7. HP: 38/49 MP: 0/0
  3501 | D:5      | Learned a level 3 spell: Call Canine Familiar
  3516 | D:5      | Noticed a water moccasin
  3522 | D:5      | Killed a water moccasin
  3690 | D:5      | Noticed a water moccasin
  3694 | D:5      | Killed a water moccasin
  3700 | D:5      | Reached XP level 8. HP: 44/55 MP: 0/0
  4726 | D:6      | Reached skill level 5 in Dodging
  5345 | D:6      | Reached skill level 5 in Spellcasting
  5430 | D:6      | Reached XP level 9. HP: 55/62 MP: 0/0
  5430 | D:6      | Learned a level 3 spell: Stone Arrow
  5811 | D:6      | Found a burning altar of Makhleb.
  5817 | D:6      | Became a worshipper of Makhleb the Destroyer
  5826 | D:6      | Found a bloodstained altar of Trog.
  5840 | D:6      | Found a stormy altar of Qazlal.
  6342 | D:7      | Found a staircase to the Ecumenical Temple.
  6736 | D:7      | Identified the +5 flail "Wytyr" {spect, Will- rCorr Str+8
                  | Dex-2}
  6848 | D:7      | Identified the +5 whip of the Twisting Queen {venom, Str-3
                  | Dex+7}
  7105 | D:7      | Found the +9 scales of the Dragon King {rPois rF+ rC+
                  | Will+}
  7123 | D:7      | Found a shadowy altar of Dithmenos.
  7123 | D:7      | Found a basalt altar of Yredelemnul.
  7149 | D:7      | Reached skill level 6 in Dodging
  7396 | D:7      | Noticed Duvessa
  7396 | D:7      | Noticed Dowan
  7408 | D:7      | Killed Duvessa
  7409 | D:7      | Reached skill level 1 in Armour
  7411 | D:7      | Killed Dowan
  7412 | D:7      | Reached skill level 1 in Maces & Flails
  7412 | D:7      | Reached skill level 5 in Stealth
  7562 | D:7      | Found the +3 Mad Mage's Maulers {Infuse+∞ RegenMP Int-3}
  7925 | D:8      | Reached * piety under Makhleb
  7937 | D:8      | Reached skill level 1 in Evocations
  8121 | D:8      | Reached XP level 10. HP: 46/69 MP: 0/0
  8424 | D:8      | Reached skill level 1 in Throwing
  8700 | D:3      | Noticed Robin
  8866 | D:3      | Noticed Grinder
  8884 | D:3      | Killed Grinder
  8888 | D:3      | Killed Sigmund
  8889 | D:3      | Reached skill level 5 in Fighting
  9076 | D:3      | Killed Robin
  9955 | D:8      | Noticed Joseph
  9977 | D:8      | Killed Joseph
 10319 | D:8      | You are sucked into a shaft and drop 2 floors!
 10319 | D:10     | Entered Level 10 of the Dungeon
 10447 | D:10     | Noticed Harold
 10450 | D:10     | Noticed a cyclops
 10537 | D:10     | Noticed a two-headed ogre
 10544 | D:10     | Killed a two-headed ogre
 10729 | D:11     | Noticed a komodo dragon
 10942 | D:11     | Noticed a komodo dragon
 10968 | D:11     | Killed a komodo dragon
 10968 | D:11     | Reached ** piety under Makhleb
 10969 | D:11     | Reached XP level 11. HP: 20/76 MP: 0/0
 10969 | D:11     | Learned a level 4 spell: Dispel Undead
 11019 | D:11     | Reached skill level 7 in Dodging
 11226 | D:11     | Noticed a two-headed ogre
 11238 | D:11     | Reached skill level 5 in Staves
 11241 | D:11     | Killed a two-headed ogre
 11703 | D:11     | Noticed a cyclops
 11712 | D:11     | Killed a cyclops
 11713 | D:11     | Reached skill level 5 in Armour
 11736 | D:11     | Noticed Josephine
 12283 | D:9      | Noticed a two-headed ogre
 12293 | D:9      | Killed a two-headed ogre
 14129 | D:10     | Killed a cyclops
 14140 | D:10     | Reached XP level 12. HP: 27/84 MP: 0/0
 14676 | D:10     | Killed Harold
 14891 | D:10     | Noticed a boulder beetle
 14903 | D:10     | HP: 2/84 [centaur warrior zombie (5)]
 14912 | D:10     | Killed a boulder beetle
 14922 | D:10     | HP: 2/84 [centaur warrior zombie (2)]
 15418 | D:11     | Noticed Nergalle
 15433 | D:10     | Reached skill level 8 in Dodging
 15574 | D:10     | Identified a scroll of acquirement
 15575 | D:10     | Acquired 699 gold pieces
 15657 | D:10     | Noticed a centaur warrior
 15657 | D:10     | Noticed a frost giant
 15657 | D:10     | Noticed a skeletal warrior
 15676 | D:10     | Killed a centaur warrior
 15676 | D:10     | Killed from afar by a frost giant

Illustrated notes

Levels and vault maps discovered:
D:1:      roderic_crop_circles_arrival_small, layout_loops_ring,
          ebering_ecumenical_altar_ruins
D:2:      layout_basic, grunt_decor_fettered, minmay_door_square
D:3:      cheibrodos_greedy_goblins, layout_rooms, uniq_robin, uniq_grinder,
          uniq_sigmund
D:4:      layout_basic
D:5:      layout_basic
D:6:      layout_layer_cave, nicolae_overflow_quartered_altars, minivault_4,
          lexackson_kobold_supper
D:7:      layout_loops_corners, gammafunk_temple_overflow_pools,
          minmay_temple_entry_arrows, uniq_duvessa
D:8:      layout_basic, minmay_chambers_of_fives, uniq_joseph
D:9:      layout_stronghold
D:10:     nzn_winding_woodlands_three_and_one
          [nzn_winding_woodlands_5x15_river_crossing,
          nzn_winding_woodlands_5x15_sawtooth,
          nzn_winding_woodlands_5x15_pockets,
          nzn_winding_woodlands_center_lodge], layout_cross, grunt_ministairs_3,
          minmay_misc_feat_cross, uniq_harold
D:11:     layout_cave_pools, david_lair_shrubbed, serial_bayou_pond_b,
          minivault_27, minivault_23, nicolae_water_bricks, uniq_nergalle,
          uniq_josephine

Skill      XL: |  1  2  3  4  5  6  7  8  9 10 11 12 |
---------------+-------------------------------------+-----
Stealth        | 2 3 4 5 6 |  6.5
Dodging        | 3 4 5 6 7 8 |  8.0
Fighting       | 1 2 3 4 5 6 |  6.6
Spellcasting   | 3 4 5 6 7 |  7.0
Staves         | 1 2 3 4 5 |  5.8
Armour         | 1 4 6 |  6.5
Maces & Flails | 1 2 3 |  3.7
Evocations     | 1 2 4 |  4.4
Throwing       | 2 3 |  3.6

Action                   |  1- 3 |  4- 6 |  7- 9 | 10-12 || total
-------------------------+-------+-------+-------+-------++-------
Melee: Flail             |       |       |     1 |       ||     1
       Whip              |       |       |       |     4 ||     4
 Cast: Foxfire           |    50 |    84 |   122 |    12 ||   268
       Scorch            |     4 |     8 |    23 |       ||    35
       Call Canine Famil |       |       |     3 |     3 ||     6
       Stone Arrow       |       |       |    49 |   233 ||   282
       Call Imp          |       |       |     1 |       ||     1
       Dispel Undead     |       |       |       |     2 ||     2
       Flame Wave        |       |       |       |     2 ||     2
Evoke: Wand              |       |       |       |     2 ||     2
  Use: Scroll            |       |     6 |     3 |    12 ||    21
       Potion            |       |       |       |     9 ||     9
Armor: Robe              |     1 |       |     3 |    34 ||    38
       Skin              |       |       |       |     7 ||     7
Dodge: Dodged            |     2 |     7 |    20 |   120 ||   149
